 Dungeon Crawl Stone Soup version 0.30-a0-722-g3e6e8c874d (webtiles) character file.

Game seed: 13079387299028930140

2 Arximoufas the Grave Robber (level 1, -1/13 HPs)
             Began as a Demonspawn Necromancer on Jan 28, 2023.
             Slain by a hobgoblin (4 damage)
             ... on level 1 of the Dungeon.
             The game lasted 00:00:56 (82 turns).

Arximoufas the Grave Robber (Demonspawn Necromancer)  Turns: 82, Time: 00:00:57

Health: -1/13      AC:  2    Str:  8    XL:     1   Next: 25%
Magic:  1/3        EV: 12    Int: 16    God:
Gold:   4          SH:  0    Dex: 13    Spells: 3/4 levels left

rFire   . . .      SeeInvis .    (no weapon)
rCold   . . .      Faith    .    (no shield)
rNeg    . . .      Spirit   .    a - +0 robe
rPois   .          Reflect  .    (no helmet)
rElec   .          Harm     .    (no cloak)
rCorr   .          Rampage  .    (no gloves)
Will    .....                    (no boots)
Stlth   ++                       (no amulet)
HPRegen 0.22/turn                (no ring)
MPRegen 0.08/turn                (no ring)

@: no status effects
A: no striking features
a: no special abilities


You were on level 1 of the Dungeon.
You visited 1 branch of the dungeon, and saw 1 of its levels.

You collected 4 gold pieces.

Inventory:

Armour
 a - a +0 robe (worn)
Potions
 b - a potion of magic


   Skills:
 - Level 1.7 Dodging
 - Level 1.7 Stealth
 - Level 2.0 Spellcasting
 + Level 4.5 Necromancy


You had 3 spell levels left.
You knew the following spells:

 Your Spells              Type           Power      Damage    Failure   Level
a - Necrotise             Necr           64%        1d7       3%          1

Your spell library contained the following spells:

 Spells                   Type           Power      Damage    Failure   Level
 Vampiric Draining        Necr           16%        2d7       10%         3
 Animate Dead             Necr           16%        N/A       32%         4
 Agony                    Necr           16%        N/A       65%         5


Dungeon Overview and Level Annotations

Branches:
Dungeon (1/15)

Altars:


Message History

The hobgoblin attacks as you move away! The hobgoblin completely misses you.
The bat barely misses you.
You miss the bat. The bat hits you but does no damage.
The hobgoblin misses you. The bat closely misses you.
Your kobold skeleton barely misses the hobgoblin.
The bat hits you but does no damage. The bat attacks as you move away!
The bat hits you. The bat closely misses you. The bat closely misses you.
You closely miss the bat. The bat hits you. x2
Your kobold skeleton barely misses the hobgoblin.
You closely miss the hobgoblin. The bat hits you. The hobgoblin misses you.
You hit the hobgoblin but do no damage. You punch the hobgoblin.
The hobgoblin is heavily wounded.
The bat hits you but does no damage. x2; The hobgoblin closely misses you.
You hit the hobgoblin but do no damage.
The hobgoblin is heavily wounded.
The bat hits you.
Your kobold skeleton hits the hobgoblin but does no damage.
The hobgoblin misses you.
You hit the hobgoblin but do no damage.
The hobgoblin is heavily wounded.
Your kobold skeleton hits the hobgoblin but does no damage.
The hobgoblin barely misses you. The bat completely misses you.
You completely miss the hobgoblin.
The hobgoblin is heavily wounded.
The bat misses you. The bat hits your kobold skeleton.
Your kobold skeleton hits the bat but does no damage.
The bat hits you but does no damage. The hobgoblin barely misses you.
You hit the hobgoblin but do no damage.
The hobgoblin is heavily wounded.
The bat closely misses you. The bat hits your kobold skeleton.
The hobgoblin hits you.
* * * LOW HITPOINT WARNING * * *
You hit the hobgoblin but do no damage.
The hobgoblin is heavily wounded.
The bat hits you but does no damage.
Your kobold skeleton barely misses the bat.
The hobgoblin hits you.
You die...

##.....# ##......#
##.......#
#..........#
#..........#
########..........#
..........#########
####
########..#...P##


PPPP# ##@#.....###PPPPP# #### ##g'......_PPPPPP+ ... #.Z#bP...###PPPPP#
##.####..#...[## PPPP# #.?......###### #### #.............. #..............
........>.......... #...#.............. You could see a hobgoblin, a bat (ally
target) and a friendly kobold skeleton.

Vanquished Creatures
  A ball python (D:1)
  A kobold (D:1)
2 creatures vanquished.

Notes
Turn   | Place    | Note
-------+----------+-------------------------------------------
     0 | D:1      | Arximoufas the Demonspawn Necromancer began the quest for
                  | the Orb.
     0 | D:1      | Reached XP level 1. HP: 13/13 MP: 3/3
    36 | D:1      | Found a faded altar of an unknown god.
    82 | D:1      | Slain by a hobgoblin

Illustrated notes

Levels and vault maps discovered:
D:1:      dpeg_arrival_connections, layout_rooms,
          shapermc_ecumenical_altar_flowoftime

Action                     || total
---------------------------++-------
  Melee: Unarmed           ||    10
         Punch             ||     1
   Cast: Necrotise         ||     4
 Armour: Robe              ||     8
  Dodge: Dodged            ||    16

Table legend: (Time is in decaauts)
 A = Elapsed time spent in this place.
 B = Non-inter-level travel time spent in this place.
 C = Inter-level travel time spent in this place.
 D = Time resting spent in this place.
 E = Time spent auto-exploring this place.
 F = Levels seen in this place.
 G = Mean time per level.
                   A        B        C        D        E       F      G
               +--------+--------+--------+--------+--------+-----+--------+
         Total |     82 |     82 |      0 |      0 |     51 |   1 |   82.0 |
       Dungeon |     82 |     82 |      0 |      0 |     51 |   1 |   82.0 |
               +--------+--------+--------+--------+--------+-----+--------+

Top non-repeatable levels by time:
     D:1: 82 daAuts
